 Dungeon Crawl Stone Soup version 0.21-a0-538-gd16b88a (webtiles) character file.

3171 teukkam the Chiller (level 9, -3/66 HPs)
             Began as a Gnoll Wanderer on Dec 15, 2017.
             Was an Initiate of Ru.
             Slain by a troll (8 damage)
             ... on level 9 of the Dungeon.
             The game lasted 00:33:54 (8279 turns).

teukkam the Chiller (Gnoll Wanderer)                Turns: 8279, Time: 00:33:55

Health: -3/66      AC:  5    Str: 16    XL:     9   Next: 94%
Magic:  15/17      EV: 15    Int: 18    God:    Ru [......]
Gold:   356        SH:  0    Dex: 19    Spells: 13/19 levels left

rFire    + . .     SeeInvis +   a - +3 hand axe (chop)
rCold    + . .     Gourm    .   (no shield)
rNeg     . . .     Faith    .   h - +1 leather armour
rPois    .         Spirit   .   (helmet restricted)
rElec    .         Reflect  .   (no cloak)
rCorr    .         Harm     .   (no gloves)
MR       .....                  s - +0 pair of boots
Stlth    ++........             H - amulet of inaccuracy (curse)
HPRegen  0.21/turn              x - ring of loudness (curse)
MPRegen  0.15/turn              t - ring "Moeniewn" {rC+ Dex+6 SInv}

@: no status effects
A: distributed training, claws 1, fangs 1, horns 2, fire resistance 1, strong
nose
a: Renounce Religion


You were on level 9 of the Dungeon.
You worshipped Ru.
Ru was noncommittal.
You were not hungry.

You visited 2 branches of the dungeon, and saw 10 of its levels.

You collected 356 gold pieces.

Inventory:

Hand Weapons
 a - a +3 hand axe of chopping (weapon)
 e - a +0 club
 i - a +2 spear of flaming
 v - a +1 short sword of speed
 y - a +0 dagger of draining
 D - a +0 shortbow
Missiles
 j - 44 arrows
 l - 6 tomahawks
 A - 7 poisoned needles
 G - 6 javelins (quivered)
Armour
 h - a +1 leather armour (worn)
 s - a +0 pair of boots (worn)
Jewellery
 q - an uncursed ring of protection from cold
 t - the ring "Moeniewn" (right claw) {rC+ Dex+6 SInv}
   (You found it on level 7 of the Dungeon)

   [ring of protection from cold]

   It affects your dexterity (+6).
   It protects you from cold.
   It lets you see invisible.
 w - an uncursed ring of protection from magic
 x - a cursed ring of loudness (left claw)
 B - an uncursed ring of protection from magic
 H - a cursed amulet of inaccuracy (around neck)
Scrolls
 g - a scroll of amnesia
 o - a scroll of enchant armour
 p - 4 scrolls of identify
Potions
 c - a potion of lignification
 d - a potion of ambrosia
 m - 2 potions of curing
 n - 2 potions of mutation
 u - a potion of agility
 z - 2 potions of flight
 I - 2 potions of haste {unknown}
Books
 b - Luuxux's Disquisition on the Arsonist

   Spells                             Type                      Level
   a - Flame Tongue                   Conjuration/Fire             1
   b - Ignite Poison                  Fire/Transmutation/Poison    3
 k - a book of Frost

   Spells                             Type                      Level
   a - Freeze                         Ice                          1
   b - Throw Frost                    Conjuration/Ice              2
   c - Ozocubu's Armour               Charms/Ice                   3
   d - Throw Icicle                   Conjuration/Ice              4
   e - Summon Ice Beast               Ice/Summoning                4
 r - a book of Cantrips

   Spells                             Type                      Level
   a - Confusing Touch                Hexes                        1
   b - Animate Skeleton               Necromancy                   1
   c - Summon Small Mammal            Summoning                    1
   d - Apportation                    Translocation                1
Comestibles
 f - 4 bread rations
 C - 2 fruits
 E - a meat ration
 F - 4 royal jellies
 J - 6 chunks of flesh


   Skills:
 + Level 4.6 Fighting
 + Level 4.6 Short Blades
 + Level 4.6 Long Blades
 + Level 4.6 Axes
 + Level 4.6 Maces & Flails
 + Level 4.6 Polearms
 + Level 4.6 Staves
 + Level 4.6 Slings
 + Level 4.6 Bows
 + Level 4.6 Crossbows
 + Level 5.4 Throwing
 + Level 4.6 Armour
 + Level 4.6 Dodging
 + Level 4.6 Stealth
 + Level 5.4 Shields
 + Level 4.6 Unarmed Combat
 + Level 5.5 Spellcasting
 + Level 3.8 Conjurations
 + Level 3.8 Hexes
 + Level 3.8 Charms
 + Level 4.4 Summonings
 + Level 3.8 Necromancy
 + Level 5.4 Translocations
 + Level 4.4 Transmutations
 + Level 3.8 Fire Magic
 + Level 6.7 Ice Magic
 + Level 3.8 Air Magic
 + Level 3.8 Earth Magic
 + Level 3.8 Poison Magic
 + Level 5.1 Invocations
 + Level 4.6 Evocations


You had 13 spell levels left.
You knew the following spells:

 Your Spells              Type           Power        Failure   Level  Hunger
a - Freeze                Ice            ####         1%          1    None
b - Throw Frost           Conj/Ice       ###...       2%          2    #......
c - Flame Tongue          Conj/Fire      ###..        3%          1    None
d - Animate Skeleton      Necr           N/A          3%          1    None
e - Summon Small Mammal   Summ           ###.         2%          1    None


Dungeon Overview and Level Annotations

Branches:
Dungeon (9/15)             Temple (1/1) D:6
   Lair: D:8-11         Orc: D:9-12

Altars:
Ashenzari
Cheibriados
Dithmenos
Elyvilon
Fedhas
Gozag
Kikubaaqudgha
Makhleb
Nemelex Xobeh
Okawaru
Qazlal
Ru
Sif Muna
Uskayaw
Vehumet
Wu Jian
Xom
Zin

Annotations:
D:6 Grinder


Innate Abilities, Weirdness & Mutations

Your experience applies equally to all skills.
You have very sharp teeth.
Your uncanny sense of smell can sniff out nearby items.
You have sharp fingernails.
You have a pair of horns on your head.
Your flesh is heat resistant. (rF+)


Message History

The troll completely misses you. x2; The troll claws you.
You slash the troll!
The troll is severely wounded.
The troll bites you but does no damage. The troll misses you.
The troll claws you but does no damage.
You barely miss the troll.
The troll is severely wounded.
The troll bites you but does no damage. The troll claws you!
* * * LOW HITPOINT WARNING * * *
The troll claws you!
* * * LOW HITPOINT WARNING * * *
Casting: Freeze
Confirm with . or Enter, or press ? or * to list all spells.
Aiming: Freeze
Press: ? - help, Shift-Dir - straight line, f/p - troll
Aim: a troll (severely wounded, lightly drained)
You freeze the troll.
The troll is almost dead.
The troll barely misses you. x2; The troll claws you!
You die...

### ..# #.#
#.##########
#####.#........#
#.......######.##
#.###.### ##...##
#.# #.....#####
#@# ##.........
......T....#
##.#######
#########.## #.#
.# #.# # ##'##
##...#####
##........#
#.....)...#
#......##..#


You could see a troll.

Vanquished Creatures
  A yak (D:7)
  3 hogs (D:7)
  A human (D:7)
  2 hungry ghosts (D:7)
  A water moccasin (D:8)
  A sky beast (D:5)
  3 ice beasts
  4 ogres
  2 phantoms
  A centaur (D:7)
  2 bullfrogs
  A scorpion (D:5)
  4 killer bees (D:7)
  A crimson imp (D:6)
  3 hounds
  A quasit (D:7)
  3 orc priests (D:8)
  2 bullfrog skeletons
  2 centaur skeletons
  3 iguanas
  7 worker ants
  2 hound zombies (D:7)
  A hound skeleton (D:5)
  A worker ant zombie (D:6)
  A howler monkey skeleton (D:7)
  7 adders
  4 gnolls (D:5)
  2 oozes
  2 dart slugs
  4 leopard geckos
  9 orcs
  2 giant cockroaches
  3 hobgoblins
  19 jackals
  3 quokkas
  3 ball pythons
  6 bats
  2 frilled lizards
  6 goblins
  A jackal skeleton (D:6)
  A jackal zombie (D:7)
  4 kobolds (D:1)
  2 quokka skeletons
  4 rats
  A fungus (D:1)
138 creatures vanquished.

Vanquished Creatures (collateral kills)
  A crimson imp (D:6)
  An adder (D:8)
  An adder skeleton (D:6)
  An orc (D:8)
4 creatures vanquished.

Grand Total: 142 creatures vanquished

Notes
Turn   | Place    | Note
-------+----------+-------------------------------------------
     0 | D:1      | teukkam the Gnoll Wanderer began the quest for the Orb.
     0 | D:1      | teukkam set off with: a book of Frost, Luuxux's Disquisition on the Arsonist, a potion of lignification, a +0 robe, a +0 club, a bread ration
     0 | D:1      | Reached XP level 1. HP: 13/13 MP: 4/4
   174 | D:1      | Identified Luuxux's Disquisition on the Arsonist
   176 | D:1      | Learned a level 1 spell: Freeze
   429 | D:2      | Found an iron altar of Okawaru.
   483 | D:1      | Reached XP level 2. HP: 5/19 MP: 0/5
  1271 | D:2      | Found an opulent altar of Gozag.
  1294 | D:2      | Learned a level 2 spell: Throw Frost
  1317 | D:3      | Reached XP level 3. HP: 25/25 MP: 5/7
  1542 | D:4      | Reached skill level 1 in Invocations
  1546 | D:4      | Reached skill level 1 in Fighting
  1546 | D:4      | Reached skill level 1 in Short Blades
  1546 | D:4      | Reached skill level 1 in Long Blades
  1546 | D:4      | Reached skill level 1 in Axes
  1546 | D:4      | Reached skill level 1 in Maces & Flails
  1546 | D:4      | Reached skill level 1 in Polearms
  1546 | D:4      | Reached skill level 1 in Staves
  1546 | D:4      | Reached skill level 1 in Slings
  1546 | D:4      | Reached skill level 1 in Bows
  1546 | D:4      | Reached skill level 1 in Crossbows
  1546 | D:4      | Reached skill level 1 in Armour
  1546 | D:4      | Reached skill level 1 in Dodging
  1546 | D:4      | Reached skill level 1 in Stealth
  1546 | D:4      | Reached skill level 1 in Unarmed Combat
  1546 | D:4      | Reached skill level 1 in Evocations
  1546 | D:4      | Reached XP level 4. HP: 24/32 MP: 8/8
  1626 | D:4      | Reached skill level 1 in Conjurations
  1626 | D:4      | Reached skill level 1 in Hexes
  1626 | D:4      | Reached skill level 1 in Charms
  1626 | D:4      | Reached skill level 1 in Necromancy
  1626 | D:4      | Reached skill level 1 in Fire Magic
  1626 | D:4      | Reached skill level 1 in Air Magic
  1626 | D:4      | Reached skill level 1 in Earth Magic
  1626 | D:4      | Reached skill level 1 in Poison Magic
  1949 | D:4      | Reached XP level 5. HP: 10/37 MP: 0/9
  2212 | D:4      | Found a glowing silver altar of Zin.
  2282 | D:4      | Learned a level 1 spell: Flame Tongue
  2662 | D:4      | Noticed an ogre
  2669 | D:4      | Killed an ogre
  2669 | D:4      | Reached XP level 6. HP: 44/44 MP: 3/11
  2740 | D:5      | Entered Level 5 of the Dungeon
  3272 | D:5      | Noticed an ice beast
  3278 | D:5      | Killed an ice beast
  3278 | D:5      | Reached XP level 7. HP: 34/50 MP: 6/12
  3310 | D:5      | HP: 2/50 [something (5)]
  3836 | D:5      | Learned a level 1 spell: Animate Skeleton
  3838 | D:5      | Learned a level 1 spell: Summon Small Mammal
  3881 | D:5      | Reached XP level 8. HP: 31/57 MP: 12/14
  4155 | D:5      | Reached skill level 6 in Ice Magic
  4987 | D:6      | Noticed Grinder
  5072 | D:7      | Got a brightly glowing tin ring
  5074 | D:7      | Identified the ring "Moeniewn" {rC+ Dex+6 SInv} (You found it on level 7 of the Dungeon)
  5195 | D:7      | Gained mutation: Your body sometimes deteriorates upon taking damage. [potion of mutation]
  5195 | D:7      | Gained mutation: Your flesh is heat resistant. (rF+) [potion of mutation]
  5195 | D:7      | Gained mutation: You have a pair of small horns on your head. [potion of mutation]
  5195 | D:7      | Gained mutation: You have a pair of horns on your head. [potion of mutation]
  5215 | D:7      | Lost mutation: Your body sometimes deteriorates upon taking damage. [potion of mutation]
  5215 | D:7      | Lost mutation: You have a pair of horns on your head. [potion of mutation]
  5215 | D:7      | Gained mutation: You have sharp fingernails. [potion of mutation]
  5215 | D:7      | Gained mutation: You have a pair of horns on your head. [potion of mutation]
  5983 | D:7      | Reached XP level 9. HP: 31/65 MP: 11/16
  5998 | D:7      | Reached skill level 5 in Translocations
  6508 | D:6      | Found a staircase to the Ecumenical Temple.
  6615 | Temple   | Entered the Ecumenical Temple
  6734 | Temple   | Became a worshipper of Ru the Awakened
  6881 | D:7      | Reached skill level 5 in Spellcasting
  7364 | D:7      | Reached skill level 5 in Throwing
  7364 | D:7      | Reached skill level 5 in Shields
  7568 | D:8      | Noticed a hornet
  7761 | D:8      | Reached skill level 5 in Invocations
  8267 | D:9      | Noticed a troll
  8279 | D:9      | Slain by a troll

Vault maps used:
D:1:      tarquinn_simple_flora_water_d, minmay_gold_behind_fungi
D:2:      lemuel_crystal_altar, nicolae_overflow_crystal_walls,
          minmay_misc_feat_encased
D:3:      nicolae_overflow_hidden_temple
D:4:      zin_statuary
D:5:      first_bread
D:6:      hangedman_cross_stitches, minmay_temple_entry_from_below_a,
          hangedman_decor_peaks_small, uniq_blork_the_orc, uniq_grinder
D:7:      grunt_livestock
D:8:      lemuel_ice_statue, lemuel_crystal_altar
D:9:      grunt_decor_resistance
Temple:   regret_index_temple_waves

Skill      XL: |  1  2  3  4  5  6  7  8  9 |
---------------+----------------------------+-----
Summonings     | 2 3 4 |  4.4
Transmutations | 2 3 4 |  4.4
Invocations    | 1 2 3 4 5 |  5.1
Fighting       | 1 2 3 4 |  4.6
Short Blades   | 1 2 3 4 |  4.6
Long Blades    | 1 2 3 4 |  4.6
Axes           | 1 2 3 4 |  4.6
Maces & Flails | 1 2 3 4 |  4.6
Polearms       | 1 2 3 4 |  4.6
Staves         | 1 2 3 4 |  4.6
Slings         | 1 2 3 4 |  4.6
Bows           | 1 2 3 4 |  4.6
Crossbows      | 1 2 3 4 |  4.6
Armour         | 1 2 3 4 |  4.6
Dodging        | 1 2 3 4 |  4.6
Stealth        | 1 2 3 4 |  4.6
Unarmed Combat | 1 2 3 4 |  4.6
Evocations     | 1 2 3 4 |  4.6
Spellcasting   | 3 4 5 |  5.5
Conjurations   | 1 2 3 |  3.8
Hexes          | 1 2 3 |  3.8
Charms         | 1 2 3 |  3.8
Necromancy     | 1 2 3 |  3.8
Fire Magic     | 1 2 3 |  3.8
Air Magic      | 1 2 3 |  3.8
Earth Magic    | 1 2 3 |  3.8
Poison Magic   | 1 2 3 |  3.8
Throwing       | 3 4 5 |  5.4
Shields        | 3 4 5 |  5.4
Translocations | 4 5 |  5.4
Ice Magic      | 6 |  6.7

Action                   |  1- 3 |  4- 6 |  7- 9 || total
-------------------------+-------+-------+-------++-------
Melee: Club              |    30 |       |       ||    30
       Bite              |    10 |     7 |    30 ||    47
       Hand axe          |    42 |    52 |   251 ||   345
       Punch             |       |     1 |     7 ||     8
       Headbutt          |       |       |    25 ||    25
       Dagger            |       |       |     5 ||     5
Throw: Tomahawk          |     7 |       |    11 ||    18
       Javelin           |       |       |     4 ||     4
 Cast: Freeze            |    15 |    19 |    50 ||    84
       Throw Frost       |     3 |    20 |    28 ||    51
       Flame Tongue      |       |     3 |    17 ||    20
       Summon Small Mamm |       |       |    16 ||    16
       Animate Skeleton  |       |       |     8 ||     8
  Use: Scroll            |     1 |     6 |     5 ||    12
       Potion            |     1 |       |    10 ||    11
 Stab: Sleeping          |     1 |     1 |     2 ||     4
       Distracted        |       |       |     1 ||     1
  Eat: Chunk             |     1 |     3 |     2 ||     6
       Bread ration      |     1 |       |     1 ||     2
       Meat ration       |       |       |     2 ||     2
       Fruit             |       |       |     6 ||     6
       Royal jelly       |       |       |     1 ||     1
Armor: Leather armour    |    23 |     9 |    67 ||    99
       Robe              |     1 |       |       ||     1
Dodge: Dodged            |    57 |    33 |   256 ||   346

Table legend:
 A = Spawn XP
 B = Non-spawn XP
 C = Spawn XP percentage of total XP
 D = Spawn monster count
 E = Non-spawn monster count
 F = Spawn count percentage of total count
 G = Total turns spent on level
                    A         B        C        D         E        F      G
               +---------+---------+-------+---------+---------+-------+---------
         Total |       0 |    4531 |   0.0 |       0 |     141 |   0.0 |  8279
               +---------+---------+-------+---------+---------+-------+---------
           D:1 |       0 |      28 |   0.0 |       0 |      18 |   0.0 |  1252
           D:2 |       0 |       4 |   0.0 |       0 |       3 |   0.0 |    54
           D:3 |       0 |      24 |   0.0 |       0 |      10 |   0.0 |   223
           D:4 |       0 |     395 |   0.0 |       0 |      17 |   0.0 |  1361
           D:5 |       0 |     858 |   0.0 |       0 |      31 |   0.0 |  1530
           D:6 |       0 |     325 |   0.0 |       0 |      24 |   0.0 |  1041
           D:7 |       0 |    2206 |   0.0 |       0 |      25 |   0.0 |  2007
           D:8 |       0 |     566 |   0.0 |       0 |      12 |   0.0 |   475
           D:9 |       0 |     125 |   0.0 |       0 |       1 |   0.0 |   209
               +---------+---------+-------+---------+---------+-------+---------
